 Dungeon Crawl Stone Soup version 0.22-a0-515-g75794bf (webtiles) character file.

360 4thArraOfDagon the Sneak (level 6, -1/27 HPs)
             Began as a Felid Conjurer on June 19, 2018.
             Was a Follower of Cheibriados.
             Slain by an ice beast (13 damage)
             ... on level 5 of the Dungeon.
             The game lasted 00:09:16 (1930 turns).

4thArraOfDagon the Sneak (Felid Conjurer)           Turns: 1930, Time: 00:09:16

Health: -1/27      AC:  2    Str:  6      XL:     6   Next: 38%
Magic:  1/10       EV: 20    Int: 20      God:    Cheibriados [*.....]
Gold:   272        SH:  0    Dex: 18 (19) Spells: 8/9 levels left
                                        Lives:  0   Deaths: 1

rFire    . . .     SeeInvis +     - Unarmed
rCold    . . .     Gourm    .   (shield unavailable)
rNeg     . . .     Faith    .   (armour unavailable)
rPois    .         Spirit   .   (helmet unavailable)
rElec    .         Reflect  .   (cloak unavailable)
rCorr    .         Harm     .   (gloves unavailable)
MR       .....                  (boots unavailable)
Stlth    +++.......             (no amulet)
HPRegen  0.09/turn              (no ring)
MPRegen  0.12/turn              (no ring)

@: slow
A: very small, no armour, no weapons or thrown items, stealth, claws 1, fangs 3,
see invisible, carnivore, speed 1, shaggy fur 2, slow metabolism 1, sharp paws
a: Bend Time, Renounce Religion


You were on level 5 of the Dungeon.
You worshipped Cheibriados.
Cheibriados was aware of your devotion.
You were very full.

You visited 2 branches of the dungeon, and saw 8 of its levels.

You collected 272 gold pieces.

Inventory:

Scrolls
 c - 3 scrolls of identify
 d - a scroll of fear {unknown}
 g - 2 scrolls of immolation {unknown}
 l - a scroll of remove curse
Potions
 a - 4 potions of flight
Comestibles
 b - 8 rations


   Skills:
 + Level 2.7 Fighting
 + Level 4.7 Dodging
 + Level 5.0 Stealth
 * Level 4.0 Unarmed Combat
 - Level 2.0 Spellcasting
 - Level 3.6 Conjurations
 + Level 1.3 Invocations


You had 8 spell levels left.
You knew the following spells:

 Your Spells              Type           Power        Failure   Level  Hunger
a - Magic Dart            Conj           ###.         3%          1    #......

Your spell library contained the following spells:

 Spells                   Type           Power        Failure   Level  Hunger
 Iskenderun's Mystic Bla  Conj           ###.....     34%         4    #####..
 Fulminant Prism          Conj/Hex       #.........   58%         4    #####..
 Dazzling Spray           Conj/Hex       #.....       22%         3    ###....
 Force Lance              Conj/Tloc      #.......     58%         4    #####..
 Searing Ray              Conj           ###...       5%          2    ##.....


Dungeon Overview and Level Annotations

Branches:
Dungeon (7/15)             Temple (1/1) D:7

Altars:
Ashenzari
Cheibriados
Gozag
Nemelex Xobeh
Uskayaw
Vehumet
Wu Jian
The Shining One


Innate Abilities, Weirdness & Mutations

You cannot wear armour.
You are incapable of wielding weapons or throwing items.
Your paws allow you to move quietly. (Stealth)
You have sharp claws.
You have razor-sharp teeth.
You have supernaturally acute eyesight. (SInv)
You are carnivorous and can eat meat at any time.
You cover ground quickly.
You are covered in thick fur. (AC +2)
You have a slow metabolism.
Your sharp claws are effective at attacking unaware monsters.


Message History

The ice beast is heavily wounded.
The ice beast barely misses you.
Casting: Magic Dart (safe; 3% risk of failure)
Confirm with . or Enter, or press ? or * to list all spells.
Aiming: Magic Dart (safe; 3% risk of failure)
Press: ? - help, Shift-Dir - straight line, f/p - dart slug
Aim: a dart slug (moderately wounded, clinging)
The magic dart hits the ice beast.
The ice beast is heavily wounded.
The ice beast hits you. The ice beast freezes you!
You scratch the ice beast but do no damage.
The ice beast is heavily wounded.
The ice beast completely misses you.
You scratch the ice beast. Your bite misses the ice beast.
The ice beast is severely wounded.
Unknown command.
You scratch the ice beast.
The ice beast is almost dead.
The ice beast hits you. The ice beast freezes you!
You die...

....######.##
?(......h...#
.......#..O>#
#.#....#.##.#
#......#.#..#
####..####.#.##
..... ..#...
##..##.######.
#...wY@(......
#../.#.#######
#....#.#
###..#.# ...#.#
#. ##$##.# #.#
#.##.# ..
#.##.# #.#
#.##Z#


You could see an ice beast and a dart slug.

Vanquished Creatures
  Grinder (D:3)
  A centaur zombie (D:3)
  A crimson imp (D:5)
  An orc priest (D:5)
  A centaur skeleton (D:6)
  An orc wizard (D:5)
  A howler monkey skeleton (D:4)
  2 adders
  An ooze (D:2)
  An adder skeleton (D:5)
  A dart slug (D:2)
  5 leopard geckos
  3 orcs
  4 giant cockroaches
  9 goblins (D:3)
  7 hobgoblins
  3 jackals (D:4)
  4 kobolds
  A quokka (D:5)
  A frilled lizard (D:3)
  A leopard gecko skeleton (D:4)
  A quokka skeleton (D:4)
  3 rats (D:3)
  A fungus (D:2)
55 creatures vanquished.

Notes
Turn   | Place    | Note
-------+----------+-------------------------------------------
     0 | D:1      | 4thArraOfDagon the Felid Conjurer began the quest for the Orb.
     0 | D:1      | Reached XP level 1. HP: 7/7 MP: 4/4
   138 | D:2      | Reached skill level 3 in Stealth
   138 | D:2      | Reached XP level 2. HP: 12/12 MP: 0/6
   185 | D:2      | Reached skill level 1 in Unarmed Combat
   524 | D:4      | Found an ornate altar of the Wu Jian Council.
   526 | D:4      | Found a radiant altar of Vehumet.
   534 | D:4      | Reached skill level 1 in Fighting
   534 | D:4      | Reached XP level 3. HP: 10/15 MP: 0/7
   633 | D:4      | Found a glowing golden altar of the Shining One.
   645 | D:4      | Found a shattered altar of Ashenzari.
   653 | D:5      | Entered Level 5 of the Dungeon
   802 | D:5      | Reached XP level 4. HP: 18/19 MP: 8/8
   963 | D:5      | Noticed an ogre
  1001 | D:6      | Reached skill level 4 in Stealth
  1113 | D:7      | Reached XP level 5. HP: 19/22 MP: 3/9
  1118 | D:7      | Noticed an ogre
  1119 | D:7      | Noticed a sky beast
  1140 | D:7      | Demolished by an ogre
  1141 | D:7      | Reached XP level 4. HP: -21/19 MP: 2/8
  1159 | D:7      | Found a staircase to the Ecumenical Temple.
  1159 | D:7      | Noticed a black bear
  1177 | Temple   | Entered the Ecumenical Temple
  1193 | Temple   | Became a worshipper of Cheibriados the Contemplative
  1248 | D:6      | Noticed an orc warrior
  1339 | D:3      | Found a sparkling altar of Nemelex Xobeh.
  1475 | D:3      | Reached XP level 5. HP: 17/22 MP: 1/9
  1496 | D:3      | Found a faded altar of an unknown god.
  1618 | D:3      | Reached * piety under Cheibriados
  1684 | D:3      | Noticed Grinder
  1787 | D:3      | Killed Grinder
  1787 | D:3      | Reached skill level 5 in Stealth
  1787 | D:3      | Reached skill level 1 in Invocations
  1787 | D:3      | Gained mutation: You are covered in thick fur. (AC +2) [Felid growth]
  1787 | D:3      | Reached XP level 6. HP: 20/27 MP: 10/10
  1913 | D:5      | Noticed an ice beast
  1930 | D:5      | Slain by an ice beast

Vault maps used:
D:1:      mrwooster_arrival_statue, minmay_misc_feat_square, nrook_uturn
D:2:      first_ration, minmay_gold_behind_fungi, grunt_ministairs_7
D:3:      nemelex_xobeh_ov_fountains_minmay, chequers_ecumenical_altar_simple,
          uniq_grinder, uniq_robin
D:4:      nicolae_overflow_hidden_temple
D:5:      zin_scriptorium, lemuel_angel_altar
D:6:      makhleb_blood_cavern_becter, lemuel_zombie_altar_kikubaaqudgha
D:7:      minmay_temple_entry_butterflies, uniq_duvessa
Temple:   hc_temple_tempest_star

Skill      XL: |  1  2  3  4  5 |
---------------+----------------+-----
Stealth        | 3 4 5 |  5.0
Unarmed Combat | 1 2 3 4 |  4.0
Dodging        | 3 4 |  4.7
Fighting       | 1 2 |  2.7
Invocations    | 1 |  1.3
Spellcasting   | |  2.0
Conjurations   | |  3.6

Action                   |  1- 3 |  4- 6 || total
-------------------------+-------+-------++-------
Melee: Unarmed           |    72 |   120 ||   192
       Bite              |     9 |     9 ||    18
 Cast: Magic Dart        |    32 |    83 ||   115
Evoke: Wand              |    12 |     4 ||    16
  Use: Scroll            |       |     9 ||     9
       Potion            |       |     5 ||     5
 Stab: Sleeping          |     2 |     3 ||     5
  Eat: Chunk             |     6 |     9 ||    15
Armor: Skin              |     1 |     8 ||     9
Dodge: Dodged            |    34 |   132 ||   166

Table legend:
 A = Spawn XP
 B = Non-spawn XP
 C = Spawn XP percentage of total XP
 D = Spawn monster count
 E = Non-spawn monster count
 F = Spawn count percentage of total count
 G = Total turns spent on level
                    A         B        C        D         E        F      G
               +---------+---------+-------+---------+---------+-------+---------
         Total |       0 |     617 |   0.0 |       0 |      54 |   0.0 |  1930
               +---------+---------+-------+---------+---------+-------+---------
           D:1 |       0 |       4 |   0.0 |       0 |       2 |   0.0 |    94
           D:2 |       0 |      24 |   0.0 |       0 |       9 |   0.0 |   370
           D:3 |       0 |     362 |   0.0 |       0 |      26 |   0.0 |   526
           D:4 |       0 |      27 |   0.0 |       0 |       7 |   0.0 |   260
           D:5 |       0 |     134 |   0.0 |       0 |       7 |   0.0 |   378
           D:6 |       0 |      53 |   0.0 |       0 |       2 |   0.0 |   153
           D:7 |       0 |      13 |   0.0 |       0 |       1 |   0.0 |   113
               +---------+---------+-------+---------+---------+-------+---------
